 Dungeon Crawl Stone Soup version 0.19.0-2-gae57169 (webtiles) character file.

164 Leybi the Covered (level 5, -4/47 HPs)
             Began as a Minotaur Fighter on Nov 5, 2016.
             Slain by an ogre
             ... wielding a +0 giant club
              (17 damage)
             ... on level 4 of the Dungeon.
             The game lasted 00:08:23 (2651 turns).

Leybi the Covered (Minotaur Fighter)                Turns: 2651, Time: 00:08:23

Health: -4/47      AC:  9    Str: 22    XL:     5   Next: 21%
Magic:  4/4        EV:  5    Int:  5    God:
Gold:   122        SH:  9    Dex:  9    Spells: 0 memorised, 4 levels left

rFire  . . .     SeeInvis .     a - +0 war axe
rCold  . . .     Gourm    .     s - +0 chain mail
rNeg   . . .     Faith    .     c - +0 shield
rPois  .         Spirit   .     (helmet restricted)
rElec  .         Reflect  .     (no cloak)
rCorr  .         Harm     .     (no gloves)
MR     .....                    (no boots)
Stlth  ..........               (no amulet)
                                (no ring)
                                (no ring)

@: no status effects
A: retaliatory headbutt, horns 2
a: no special abilities


You were on level 4 of the Dungeon.
You were not hungry.

You visited 1 branch of the dungeon, and saw 4 of its levels.

You collected 122 gold pieces.

Inventory:

Hand Weapons
 a - a +0 war axe (weapon)
Armour
 b - a +0 scale mail
 c - a +0 shield (worn)
 s - a +0 chain mail (worn)
Scrolls
 h - 2 scrolls of teleportation {unknown}
 i - 7 scrolls of remove curse {unknown}
 j - a scroll of fog {unknown}
 l - a scroll of identify {unknown}
 n - 2 scrolls of noise {unknown}
 o - a scroll of amnesia {unknown}
 p - a scroll of recharging {unknown}
 x - a scroll of blinking {unknown}
Potions
 d - a potion of might
 e - a potion of ambrosia {unknown}
 g - a potion of cure mutation {unknown}
 k - a potion of haste {unknown}
 q - a potion of cancellation {unknown}
 r - 2 potions of curing {unknown}
 t - 3 potions of heal wounds {unknown}
 u - a potion of mutation {unknown}
Comestibles
 f - 4 bread rations
 m - 4 chunks of flesh
 v - a beef jerky
 w - a meat ration


   Skills:
 + Level 4.7 Fighting
 + Level 3.8 Axes
 + Level 4.8 Armour
 + Level 4.7 Shields


You had 4 spell levels left.
You didn't know any spells.

Dungeon Overview and Level Annotations

Branches:
Dungeon (4/15)
 Temple: D:4-7

Altars:
Dithmenos


Innate Abilities, Weirdness & Mutations

You reflexively headbutt those who attack you in melee.
You have a pair of horns on your head.


Message History

There is a stone staircase leading down here.
You climb downwards.
There is a stone staircase leading up here.
Found a trident.
As you open the door, it creaks loudly!
There is an open door here.
An ogre comes into view. It is wielding a giant club.
The ogre shouts!
The ogre hits you with a giant club!
You slash the ogre!
The ogre is heavily wounded.
The ogre hits you with a giant club!
You hit the ogre.
The ogre is severely wounded.
The ogre hits you with a giant club!
* * * LOW HITPOINT WARNING * * *
You barely miss the ogre.
The ogre is heavily wounded.
The ogre hits you with a giant club!
You die...

#. #. ##.##
...# #..#
######..#
.......O#
#@# #.# #.#
....####.#
#...)...#.#
#.......#.#
.......#.#
.......#.#
#....#.#


You could see an ogre.

Vanquished Creatures
  An orc wizard (D:3)
  3 adders
  4 worms
  5 dart slugs
  3 leopard geckos
  7 orcs (D:3)
  2 giant cockroaches (D:2)
  7 goblins
  11 hobgoblins
  4 jackals (D:3)
  6 kobolds
  2 quokkas (D:3)
  11 bats
  4 frilled lizards
  9 rats
79 creatures vanquished.

Notes
Turn   | Place    | Note
-------+----------+-------------------------------------------
     0 | D:1      | Leybi the Minotaur Fighter began the quest for the Orb.
     0 | D:1      | Reached XP level 1. HP: 19/19 MP: 0/0
   229 | D:1      | Reached XP level 2. HP: 27/27 MP: 1/1
   830 | D:2      | Reached XP level 3. HP: 33/33 MP: 2/2
  1568 | D:2      | Reached XP level 4. HP: 23/40 MP: 3/3
  2099 | D:3      | Reached XP level 5. HP: 43/47 MP: 4/4
  2241 | D:3      | Found a shadowy altar of Dithmenos.
  2645 | D:4      | Noticed an ogre
  2651 | D:4      | Slain by an ogre

Skill      XL: |  1  2  3 |
---------------+----------+-----
Armour         | 4 |  4.8
Shields        | 4 |  4.7
Fighting       | 4 |  4.7
Axes           | 3 |  3.8

Action                   |  1- 3 |  4- 6 || total
-------------------------+-------+-------++-------
Melee: War axe           |   116 |    99 ||   215
       Headbutt          |    12 |    19 ||    31
  Eat: Chunk             |     2 |     4 ||     6
Armor: Scale mail        |    61 |    12 ||    73
       Chain mail        |       |    30 ||    30
Dodge: Dodged            |    46 |    21 ||    67
Block: Shield            |    82 |    38 ||   120
